 Dungeon Crawl Stone Soup version 0.21-a0-185-g3a6ed1e (webtiles) character file.

185 namelastname112 the Skirmisher (level 5, -13/46 HPs)
             Began as a Draconian Wanderer on Aug 12, 2017.
             Killed by divine providence
             ... invoked by an orc priest
              (14 damage)
             ... on level 3 of the Dungeon.
             The game lasted 00:02:40 (2229 turns).

namelastname112 the Skirmisher (Draconian Wanderer) Turns: 2229, Time: 00:02:41

Health: -13/46     AC:  5    Str: 13    XL:     5   Next: 37%
Magic:  9/9        EV: 12    Int: 15    God:
Gold:   35         SH:  4    Dex: 10    Spells: 10/10 levels left

rFire    . . .     SeeInvis .   a - +2 short sword
rCold    . . .     Gourm    .   c - +0 buckler
rNeg     . . .     Faith    .   (armour unavailable)
rPois    +         Spirit   .   (helmet restricted)
rElec    .         Reflect  .   (no cloak)
rCorr    .         Harm     .   (no gloves)
MR       .....                  (no boots)
Stlth    +.........             (no amulet)
HPRegen  0.15/turn              m - ring of poison resistance
MPRegen  0.11/turn              k - ring of flight

@: invisible
A: unfitting armour, cold-blooded, AC +5
a: Evoke Flight


You were on level 3 of the Dungeon.
You were not hungry.

You visited 1 branch of the dungeon, and saw 3 of its levels.

You collected 35 gold pieces.

Inventory:

Hand Weapons
 a - a +2 short sword (weapon)
Missiles
 i - a throwing net (quivered)
Armour
 c - a +0 buckler (worn)
Jewellery
 e - an uncursed ring of resist corrosion
 k - a ring of flight (right hand)
 m - a ring of poison resistance (left hand)
Wands
 p - a wand of random effects (20/48)
Scrolls
 j - a scroll of noise {unknown}
 n - 4 scrolls of identify {unknown}
Potions
 o - a potion of degeneration {unknown}
Comestibles
 d - 2 bread rations
 f - 2 royal jellies
 g - 2 meat rations
 h - 4 fruits


   Skills:
 + Level 3.9 Fighting
 - Level 1.0 Short Blades
 - Level 1.0 Throwing
 + Level 2.7 Dodging
 - Level 1.0 Stealth
 + Level 3.2 Shields
 - Level 3.0 Spellcasting


You had 10 spell levels left.
You didn't know any spells.

Dungeon Overview and Level Annotations

Branches:
Dungeon (3/15)

Altars:
Elyvilon
Makhleb
Xom


Innate Abilities, Weirdness & Mutations

Your plain brown scales are hard. (AC +5)
You cannot fit into any form of body armour.
You are cold-blooded and may be slowed by cold attacks.


Message History

You hit the orc priest.
Your tail-slap misses the orc priest.
The orc priest is moderately wounded.
The orc priest calls down the wrath of Beogh upon you.
Beogh smites you!
* * * LOW HITPOINT WARNING * * *
You take 9 damage, and have 13/46 hp.
You hit the orc priest but do no damage.
The orc priest is moderately wounded.
The orc priest invokes the aid of Beogh against you.
Beogh smites you!
* * * LOW HITPOINT WARNING * * *
The orc priest barely misses you.
You take 12 damage, and have 1/46 hp.
MASSIVE DAMAGE!!
You hit the orc priest but do no damage.
The orc priest is moderately wounded.
It was a potion of invisibility.
You fade into invisibility!
The orc priest calls down the wrath of Beogh upon you.
Beogh smites you!
You die...

#.# #...........
#.. #.#
######...... #.#
#.. #.# #.# ..
#.# #.# #.
#.#####.## .#.
#.##.oooo+ + ..
#.##.##o##...#
..
#.##.#@........
#.##.#..#######
#.##o#......
#.##o#...##
#.##.#...#######
#....†..........
####.###.######
#.# #.# #.# #o#


You could see an orc priest, an orc wizard and an orc.

Vanquished Creatures
  An orc priest (D:2)
  Jessica (D:2)
  An orc wizard (D:2)
  3 adders
  An ooze (D:2)
  A worm (D:2)
  3 dart slugs
  A leopard gecko (D:1)
  4 orcs
  5 bats
  A giant cockroach (D:1)
  7 goblins
  13 hobgoblins
  5 kobolds
  2 quokkas (D:3)
  5 frilled lizards
  6 rats
  A butterfly (D:2)
61 creatures vanquished.

Vanquished Creatures (others)
  A goblin (D:1)
1 creature vanquished.

Grand Total: 62 creatures vanquished

Notes
Turn   | Place    | Note
-------+----------+-------------------------------------------
     0 | D:1      | namelastname112 the Draconian Wanderer began the quest for the Orb.
     0 | D:1      | namelastname112 set off with: a +2 short sword, a potion of lignification, a +0 buckler, a bread ration
     0 | D:1      | Reached XP level 1. HP: 17/17 MP: 4/4
   285 | D:1      | Reached XP level 2. HP: 18/25 MP: 6/6
   873 | D:1      | Reached XP level 3. HP: 26/30 MP: 7/7
  1144 | D:2      | Reached XP level 4. HP: 9/38 MP: 8/8
  1380 | D:2      | Noticed Jessica
  1388 | D:2      | Killed Jessica
  1635 | D:2      | Reached XP level 5. HP: 31/45 MP: 9/9
  1740 | D:2      | Found a shimmering altar of Xom.
  1895 | D:2      | Found a burning altar of Makhleb.
  2082 | D:3      | Found a white marble altar of Elyvilon.
  2227 | D:3      | HP: 1/46 [orc priest/divine providence (12)]
  2229 | D:3      | Killed from afar by an orc priest

Vault maps used:
D:1:      shiori_arrival_elements, solitary_fountain
D:2:      cheibrodos_pilgrimage, lemuel_coloured_pillars_altar, xom_butterflies,
          first_bread, hangedman_feature_mirror, st_stairs_14, uniq_jessica
D:3:      kennysheep_slugbush, minmay_misc_feat_x, minmay_liquid_box,
          elyvilon_altar_4

Skill      XL: |  1  2  3  4 |
---------------+-------------+-----
Shields        | 2 3 |  3.2
Fighting       | 3 |  3.9
Dodging        | 2 |  2.7
Short Blades   | |  1.0
Throwing       | |  1.0
Stealth        | |  1.0
Spellcasting   | |  3.0

Action                   |  1- 3 |  4- 6 || total
-------------------------+-------+-------++-------
Melee: Short sword       |    89 |   124 ||   213
       Tailslap          |    12 |     7 ||    19
       Unarmed           |     8 |     1 ||     9
  Use: Potion            |     1 |     1 ||     2
 Stab: Sleeping          |     1 |     2 ||     3
  Eat: Chunk             |     1 |     3 ||     4
Armor: Skin              |    23 |    20 ||    43
Dodge: Dodged            |    31 |    54 ||    85
Block: Buckler           |    12 |    34 ||    46
